cohdb
Replays
Latest Replays
All Replays
Popular Replays
Top Player Replays
Match Explorer
How It Works
Community
CoH3 Stats
Reddit
Sign in to upload your games and track your stats! →
Sign in with Steam
Match 41557653
Unlisted
Match 41557653
Overview
Messages
Build Orders
End
Pioneer Squad
Construct Infanterie Kompanie
Selects Terror Battlegroup
Grenadier Squad
Grenadier Squad
Grenadier Squad
Construct Panzergrenadier Kompanie
Selects Contempt for the Weak
Selects Heavy Gunnery
251 Medium Carrier
Pak 40 Anti-tank Gun Team
Pioneer Squad
Panzergrenadier Officer Quarters
Panzergrenadier Squad
Support Elements
StuG III G Assault Gun
Medical Bunker
Nebelwerfer 42 Rocket Launcher Team
Selects No Quarter
Side Skirts
Construct Panzer Kompanie
Stoßtruppen Squad
Panzer Officer Quarters
Infanterie Officer Quarters
Selects King Tiger Heavy Tank
King Tiger Heavy Tank
Stoßtruppen Squad
Selects Jericho Trumpet
Jericho Trumpet
Selects V1 Rocket Strike
msw.*****
仙台葉月@宮城のけち
GG Shermi
padak@@@
淡定红茶BlackTea
Exf
Gravey
Boy with Snapple
0
0
Comments
sign in to comment!
No comments posted yet!